 Dungeon Crawl Stone Soup version v3.01-hellcrawl-74-g7a863a7 (webtiles) character file.

18 qqqbard the Carver (level 14, 0/77 HPs) *CASUAL*
             Began as a Vine Stalker Fighter on May 1, 2017.
             Was a Priest of the Shining One.
             Splashed by an acid dragon's acid (8 damage)
             ... on level 13 of the Dungeon.
             The game lasted 00:21:16 (9819 turns).

qqqbard the Carver (Vine Stalker Fighter)           Turns: 9819, Time: 00:21:17

Health: 0/77       AC: 10 (39%)Str: 23  XL:     14   Next: 58%
Magic:  0/15       EV:  9    Int:  8    God:    the Shining One [***...]
Gold:   909        SH:  0    Dex: 15    Spells: 13/13 levels left

rFire    . . .     SeeInvis .   M - +2 triple sword (holy)
rCold    . . .     Faith    .   (shield currently unavailable)
rNeg     + . .     Spirit   +   x - +0 plate armour
rPois    .         Reflect  .   (helmet restricted)
rElec    .                      l - +0 cloak
rCorr    .                      F - +0 pair of gloves
MR       +....                  o - +0 pair of boots
Stlth    ..........             (no amulet)
Regen    1.1/turn               (no ring)
MPRegen  0.3/turn               (no ring)

@: corroded, very slightly contaminated, hasted, glowing, very quick
A: fangs 3, horns 1, blurry vision 1, regeneration 2, evolution, magic shield,
antimagic bite, no device heal 3, rot immunity, repel shadows
a: Divine Shield, Renounce Religion


You were on level 13 of the Dungeon.
You worshipped the Shining One.
The Shining One was most pleased with you.
You were not hungry.

You visited 1 branch of the dungeon, and saw 13 of its levels.

You collected 909 gold pieces.

Inventory:

Hand Weapons
 D - the +5 rapier of Kawetoeh {freeze, rPois rF+ MR+ MP+9}
   (You found it on level 7 of the Dungeon)

   It has been specially enchanted to freeze those struck by it, causing extra
   injury to most foes and up to half again as much damage against particularly
   susceptible opponents.
   It can also slow down cold-blooded creatures.
   It protects you from fire.
   It protects you from poison.
   It affects your resistance to hostile enchantments.
   It affects your magic capacity (+9).
 I - a +3 long sword of freezing
 M - a +2 triple sword of holy wrath (weapon)
Missiles
 e - 365 sling bullets
 f - 2630 stones (quivered)
 h - 104 steel tomahawks
Armour
 c - a +0 shield
 l - a +0 cloak (worn)
 o - a +0 pair of boots (worn)
 x - a +0 plate armour (worn)
 F - a +0 pair of gloves (worn)
Jewellery
 a - an uncursed ring of ice
 A - a +3 ring of intelligence
Wands
 w - a wand of flame (41)
 z - a wand of slowing (7)
 E - a wand of acid (4)
 L - a wand of enslavement (7)
Scrolls
 i - 3 scrolls of amnesia
 m - 6 scrolls of enchant armour
 n - 2 scrolls of fog
 q - 5 scrolls of enchant weapon
 v - 8 scrolls of teleportation
 y - a scroll of fear
 H - 3 scrolls of magic mapping
Potions
 b - 3 potions of magic
 d - 3 potions of might
 g - 3 potions of invisibility
 p - 4 potions of curing
 r - 3 potions of agility
 u - 3 potions of brilliance
 C - a potion of lignification


   Skills:
 + Level 10.1 Fighting
 + Level 14.1 Long Blades
 + Level 9.7 Armour
 + Level 3.5 Dodging
 + Level 1.3 Stealth
 + Level 11.1 Shields


You had 13 spell levels left.
You didn't know any spells.

Dungeon Overview and Level Annotations

Branches:
Dungeon (13/15)

Altars:
Cheibriados
Dithmenos
Elyvilon
Gozag
Hepliaklqana
Kikubaaqudgha
Makhleb
Nemelex Xobeh
Okawaru
Qazlal
Ru
Sif Muna
Trog
Uskayaw
Vehumet
Xom
Yredelemnul
Zin
The Shining One


Innate Abilities, Weirdness & Mutations

You have razor-sharp teeth.
You heal very quickly.
When hurt, damage is shared between your health and your magic reserves.
Your bite disrupts and absorbs the magic of your enemies.
Potions cannot restore your health.
You are immune to rotting.
You have a pair of small horns on your head.
Scrolls take you a little longer to read.
You evolve.
Shadows flee at your approach. (+LOS)


Message History

The tengu reaver pecks you but does no damage.
The tengu reaver claws you but does no damage.
You are very lightly contaminated with residual magic.
The tengu reaver mumbles some strange words.
The tengu reaver conjures a globe of magical energy!
A battlesphere comes into view.
An acid dragon comes into view.
The acid dragon roars! 3 vault guards come into view.
A vault guard is wielding a +4 battleaxe of electrocution.
The vault guard shouts!
The acid dragon spits acid at you. The splash of acid hits you!
The acid corrodes you!
You are splashed with acid!
The acid burns (17)!
* * * LOW HITPOINT WARNING * * *
You hear a shout! x2
The acid dragon spits acid at you. The splash of acid hits you!
The acid corrodes you!
You are splashed with acid!
The acid burns (10)!
You die...

.## #...##
###..## ..#
#...###...##
..## #...#...##
...# ##.
#......##
#..###....
#......#
#......#
##.D....#
#......# ####
#.......##
#......#
#..####D...p...#
.......#
#..@........##.#
.......#
##.........##
..# ..######
#####....## ..p#
..# #...## ....#
### #.#.#


pp. #.+ +.#.# ..# #.### ..# #.# ..# #.# You could see a vault guard and an acid
dragon.

Vanquished Creatures
  Rupert (D:13)
  Erolcha (D:12)
  Fannar (D:11)
  3 death yaks (D:11)
  5 two-headed ogres
  2 orc high priests
  2 unseen horrors
  A deep elf mage (D:11)
  A manticore (D:12)
  An orc sorcerer (D:13)
  An ugly thing (D:11)
  A cyclops (D:13)
  Joseph (D:7)
  2 gargoyles
  3 spiny frogs
  A rime drake (shapeshifter) (D:13)
  2 trolls (D:11)
  5 blink frogs (D:12)
  2 shadows
  A wraith (D:10)
  3 wyverns
  9 yaks
  A human (D:5)
  An angry ghost (D:10)
  A black mamba skeleton (D:12)
  4 steam dragons
  2 acid dragons (D:13)
  A warg (D:13)
  A spiny frog zombie (D:7)
  A water moccasin (D:9)
  5 orc warriors
  7 ice beasts
  A black bear (D:7)
  5 ogres
  A crocodile (D:4)
  13 centaurs
  A rime drake zombie (D:11)
  3 bullfrogs
  3 wyvern zombies
  A gnoll sergeant (D:7)
  A water moccasin zombie (D:7)
  4 scorpions
  4 crimson imps
  13 killer bees
  5 wights (D:9)
  2 howler monkeys
  3 vampire bats (D:3)
  A lava snake (D:12)
  2 centaur zombies
  A bullfrog zombie (D:7)
  4 orc priests
  2 jellies
  2 quasits (D:6)
  A centaur skeleton (D:6)
  A gnoll shaman (D:4)
  4 hounds
  A bullfrog skeleton (D:3)
  9 orc wizards
  5 worker ants
  5 iguanas
  2 killer bee zombies
  A hound skeleton (D:4)
  2 hound zombies (D:4)
  2 worker ant zombies (D:4)
  9 gnolls
  13 adders
  A shadow imp (D:8)
  3 oozes
  An adder skeleton (D:4)
  An adder zombie (D:4)
  A dart slug (D:4)
  36 orcs
  6 quokkas
  7 bats
  2 bat skeletons (D:3)
  5 bat zombies (D:3)
  6 giant cockroaches
  5 goblins
  4 hobgoblins
  4 jackals (D:1)
  5 ball pythons
  A ball python skeleton (D:4)
  12 frilled lizards
  A jackal skeleton (D:4)
  3 kobolds
  A kobold skeleton (D:5)
  2 quokka zombies (D:4)
  5 rats
312 creatures vanquished.

Vanquished Creatures (others)
  A fungus (D:10)
  A plant (D:11)
2 creatures vanquished.

Grand Total: 314 creatures vanquished

Notes
Turn   | Place    | Note
-------+----------+-------------------------------------------
     0 | D:1      | qqqbard the Vine Stalker Fighter began the quest for the Orb.
     0 | D:1      | Reached XP level 1. HP: 11/11 MP: 2/2
    18 | D:1      | Reached skill level 2 in Long Blades
    64 | D:1      | Reached XP level 2. HP: 11/16 MP: 3/3
   348 | D:1      | Reached XP level 3. HP: 20/20 MP: 4/4
   822 | D:2      | Gained mutation: Your natural rate of healing is unusually fast. [Vine Stalker growth]
   822 | D:2      | Reached XP level 4. HP: 24/24 MP: 5/5
   879 | D:2      | Found a shimmering altar of Xom.
   927 | D:2      | Reached XP level 5. HP: 23/28 MP: 6/6
  1020 | D:2      | Found a burning altar of Makhleb.
  1394 | D:2      | Found a sacrificial altar of Ru.
  1395 | D:2      | Found a white marble altar of Elyvilon.
  1421 | D:3      | Found a hazy altar of Hepliaklqana.
  1443 | D:3      | Reached skill level 3 in Long Blades
  1443 | D:3      | Reached skill level 1 in Dodging
  1451 | D:3      | HP: 1/28 [poisoned by an adder]
  1457 | D:3      | HP: 1/28 [poisoned by an adder]
  1463 | D:3      | HP: 1/28 [poisoned by an adder]
  1468 | D:3      | Reached XP level 6. HP: 1/32 MP: 3/7
  1469 | D:3      | HP: 1/32 [poisoned by an adder]
  1611 | D:3      | Found a faded altar of an unknown god.
  1673 | D:3      | Found an ancient bone altar of Kikubaaqudgha.
  1679 | D:3      | Reached XP level 7. HP: 36/37 MP: 6/8
  1681 | D:3      | Reached skill level 4 in Long Blades
  1795 | D:3      | Found an opulent altar of Gozag.
  2088 | D:4      | Gained mutation: You have razor-sharp teeth. [Vine Stalker growth]
  2088 | D:4      | Reached XP level 8. HP: 42/42 MP: 9/9
  2099 | D:4      | Found a radiant altar of Vehumet.
  2127 | D:4      | Reached skill level 5 in Long Blades
  2318 | D:4      | Reached skill level 5 in Shields
  2323 | D:4      | Reached skill level 6 in Long Blades
  2588 | D:4      | Found a glowing silver altar of Zin.
  2644 | D:4      | Reached XP level 9. HP: 42/46 MP: 8/10
  2727 | D:4      | Found a snail-covered altar of Cheibriados.
  2968 | D:5      | Entered Level 5 of the Dungeon
  3040 | D:5      | Reached skill level 5 in Fighting
  3057 | D:5      | Reached skill level 7 in Long Blades
  3146 | D:5      | Found a runed door.
  3151 | D:5      | Found a basalt altar of Yredelemnul.
  3221 | D:5      | Reached skill level 1 in Stealth
  3549 | D:5      | Reached skill level 5 in Armour
  3922 | D:6      | Reached skill level 8 in Long Blades
  3953 | D:6      | Reached XP level 10. HP: 52/52 MP: 11/11
  4103 | D:6      | Found a glowing golden altar of the Shining One.
  4143 | D:6      | Became a worshipper of the Shining One
  4181 | D:6      | Found a hide-covered altar of Uskayaw.
  4245 | D:6      | Found a sparkling altar of Nemelex Xobeh.
  4544 | D:6      | Found a deep blue altar of Sif Muna.
  4681 | D:7      | Reached skill level 9 in Long Blades
  4804 | D:7      | Found a shadowy altar of Dithmenos.
  4804 | D:7      | Found a stormy altar of Qazlal.
  4805 | D:7      | Found a basalt altar of Yredelemnul.
  4837 | D:7      | Found an iron altar of Okawaru.
  4894 | D:7      | Got the +5 rapier of Kawetoeh {freeze, rPois rF+ MR+ MP+9}
  4913 | D:7      | Noticed Joseph
  4914 | D:7      | Reached * piety under the Shining One
  4934 | D:7      | Killed Joseph
  4934 | D:7      | Reached XP level 11. HP: 23/58 MP: 10/12
  5041 | D:7      | Found a bloodstained altar of Trog.
  5111 | D:7      | Reached skill level 10 in Long Blades
  6157 | D:9      | Reached ** piety under the Shining One
  6240 | D:9      | Noticed a two-headed ogre
  6252 | D:9      | Killed a two-headed ogre
  6640 | D:10     | Entered Level 10 of the Dungeon
  6657 | D:10     | Reached skill level 11 in Long Blades
  6685 | D:10     | Gained mutation: You heal very quickly. [Vine Stalker growth]
  6685 | D:10     | Reached XP level 12. HP: 59/63 MP: 13/13
  6993 | D:10     | Noticed a two-headed ogre
  7001 | D:10     | Killed a two-headed ogre
  7260 | D:11     | Noticed an orc high priest
  7272 | D:11     | HP: 3/64 [burnt (4)]
  7273 | D:11     | HP: 1/64 [burnt (3)]
  7335 | D:11     | Noticed Fannar
  7381 | D:11     | Killed an orc high priest
  7408 | D:11     | Killed Fannar
  7408 | D:11     | Reached skill level 12 in Long Blades
  7579 | D:11     | Reached XP level 13. HP: 31/69 MP: 8/14
  7586 | D:11     | Reached skill level 10 in Shields
  7804 | D:11     | Reached *** piety under the Shining One
  8422 | D:12     | Reached skill level 13 in Long Blades
  8854 | D:12     | Noticed Erolcha
  8863 | D:12     | Killed Erolcha
  8863 | D:12     | Reached XP level 14. HP: 65/75 MP: 12/15
  9065 | D:12     | Found a white marble altar of Elyvilon.
  9342 | D:13     | Gained mutation: You have a pair of small horns on your head. [potion of mutation]
  9342 | D:13     | Gained mutation: Shadows flee at your approach. (+LOS) [potion of mutation]
  9342 | D:13     | Gained mutation: Your flesh is cold resistant. (rC+) [potion of mutation]
  9343 | D:13     | Lost mutation: Your flesh is cold resistant. (rC+) [potion of mutation]
  9343 | D:13     | Lost mutation: You have a pair of small horns on your head. [potion of mutation]
  9343 | D:13     | Gained mutation: You evolve. [potion of mutation]
  9343 | D:13     | Gained mutation: Scrolls take you a little longer to read. [potion of mutation]
  9343 | D:13     | Gained mutation: You have a pair of small horns on your head. [potion of mutation]
  9421 | D:13     | Noticed Rupert
  9430 | D:13     | Killed Rupert
  9430 | D:13     | Reached skill level 10 in Fighting
  9668 | D:13     | Reached skill level 14 in Long Blades
  9772 | D:13     | Found a runed door.
  9772 | D:13     | Noticed a fire giant
  9773 | D:13     | Noticed a tengu reaver
  9788 | D:13     | HP: 2/77 [tengu reaver/+3 vampiric battleaxe (10)]
  9788 | D:13     | The Shining One protects you from harm!
  9819 | D:13     | Splashed by an acid dragon's acid

Skill      XL: |  1  2  3  4  5  6  7  8  9 10 11 12 13 14 |
---------------+-------------------------------------------+-----
Long Blades    | 2 3 4 6 8 9 11 12 13 14 | 14.1
Fighting       | 3 4 5 6 7 8 9 10 | 10.1
Shields        | 3 4 5 6 7 8 9 10 11 | 11.1
Armour         | 3 4 5 6 7 8 9 |  9.7
Dodging        | 1 2 3 |  3.5
Stealth        | 1 |  1.3

Action                   |  1- 3 |  4- 6 |  7- 9 | 10-12 | 13-15 || total
-------------------------+-------+-------+-------+-------+-------++-------
Melee: Long sword        |    49 |   130 |   308 |   469 |   185 ||  1141
       Bite              |     9 |    32 |   102 |   168 |   106 ||   417
       Triple sword      |       |       |       |       |    46 ||    46
       Headbutt          |       |       |       |       |    10 ||    10
  Use: Potion            |       |       |       |     3 |     3 ||     6
Armor: Scale mail        |    23 |    78 |    85 |       |       ||   186
       Plate armour      |       |       |    39 |   220 |   101 ||   360
Dodge: Dodged            |    17 |    49 |    91 |    84 |    66 ||   307
Block: Shield            |    19 |    92 |   178 |   269 |    96 ||   654
